Map: Proxima Station LE

Players

TYTY (TY) - Winner!

  • Race: Terran Terran
  • Spawn Location: 1:00

Stats

  • Race: Protoss Protoss
  • Spawn Location: 7:00

Event: IEM XI Katowice - World Championship 2017

VOD

https://www.youtube.com/watch?v=EVCZ5k55UsM

Description

Time

  • Played on: March 5, 2017, 9:22 a.m.
  • Length: 11:55

All games in this series

Show
View Real Time Build Order
Export as new Build Order

TYTY Terran - Winner!

Build Orders: MMM Bio 

Get SALT Encoding   

  12  0:00  SCV  
  13  0:12  SCV  
  14  0:20  Supply Depot  
  14  0:24  SCV  
  15  0:42  SCV, Barracks  
  16  0:44  Refinery  
  16  0:54  SCV  
  17  1:06  SCV  
  18  1:18  SCV  
  19  1:29  Marine  
  19  1:32  Orbital Command  
  20  1:43  Command Center  
  20  1:49  Barracks Reactor  
  20  1:58  SCV  
  21  2:06  Factory  
  21  2:10  Refinery  
  21  2:11  SCV  
  22  2:17  Supply Depot  
  22  2:23  SCV  
  23  2:38  Marine x2  
  23  2:39  SCV  
  26  2:49  Widow Mine  
  26  2:50  Starport  
  26  2:51  SCV  
  29  2:56  Marine x2  
  29  2:58  Orbital Command  
  31  3:10  SCV  
  32  3:14  Marine x2  
  32  3:17  Widow Mine  
  36  3:22  SCV  
  36  3:25  SCV  
  36  3:26  Medivac  
  40  3:33  Marine  
  43  3:34  SCV  
  43  3:35  Supply Depot  
  43  3:37  SCV  
  44  3:49  Cyclone  
  44  3:55  Supply Depot  
  46  3:56  Marine x2, Viking  
  46  3:57  SCV  
  46  3:59  SCV  
  52  4:04  Bunker  
  52  4:09  SCV  
  53  4:13  SCV  
  52  4:21  Marine x2  
  52  4:23  Cyclone  
  54  4:25  SCV x2  
  54  4:28  Viking  
  58  4:39  SCV x2  
  58  4:41  Marine  
  62  4:51  Marine, Supply Depot  
  62  4:52  Supply Depot  
  62  5:01  Viking  
  62  5:05  Engineering Bay  
  62  5:08  SCV x2  
  62  5:13  Marine x2, Cyclone  
  67  5:16  Barracks  
  67  5:20  Liberator  
  66  5:31  Marine x2, SCV  
  66  5:32  SCV  
  63  5:45  SCV x2  
  64  5:50  Terran Infantry Weapons Level 1  
  64  5:52  Barracks  
  64  5:53  Barracks  
  64  5:56  Command Center  
  64  5:57  Marine, SCV  
  64  5:58  Marine  
  64  6:03  SCV  
  66  6:06  Barracks Tech Lab  
  66  6:15  Marine x2, Barracks  
  68  6:19  SCV x2  
  68  6:23  Supply Depot  
  70  6:27  Marine  
  70  6:28  Stimpack  
  70  6:29  Missile Turret  
  70  6:32  SCV x2  
  73  6:33  Marine  
  73  6:39  Barracks Tech Lab  
  74  6:42  Engineering Bay  
  74  6:44  SCV x2, Refinery  
  74  6:45  Refinery  
  78  6:55  Barracks Reactor  
  78  6:56  SCV x2  
  78  6:59  Combat Shields  
  78  7:01  Marine x2  
  80  7:04  Barracks Reactor  
  80  7:07  Barracks Reactor  
  80  7:08  SCV x2  
  82  7:19  Marauder x2  
  82  7:20  SCV  
  82  7:21  SCV  
  88  7:24  Missile Turret  
  88  7:25  Bunker  
  88  7:26  Supply Depot  
  88  7:28  Supply Depot  
  88  7:29  Orbital Command  
  85  7:33  Marine x2, SCV x2  
  85  7:34  Missile Turret  
  89  7:38  Terran Infantry Armor Level 1, Missile Turret  
  89  7:41  Armory  
  89  7:45  Marine x2, SCV  
  89  7:50  SCV  
  93  7:52  Refinery  
  93  7:53  Barracks Tech Lab, Medivac  
  93  7:54  Refinery  
  93  7:56  SCV  
  93  7:57  Marine x2, SCV  
  99  7:58  Marine  
  99  8:01  Marine  
  99  8:02  Medivac  
  99  8:03  Marine  
  99  8:05  SCV  
  105  8:09  Supply Depot, Marine  
  105  8:10  Supply Depot  
  105  8:12  SCV  
  108  8:15  Widow Mine x2  
  108  8:17  SCV  
  108  8:18  SCV  
  113  8:22  Liberator  
  113  8:24  SCV  
  113  8:26  Liberator  
  114  8:29  SCV  
  114  8:30  Marine x3, SCV  
  114  8:31  Marauder x2  
  114  8:33  Supply Depot, Terran Infantry Weapons Level 2  
  123  8:35  Marine  
  123  8:37  Supply Depot, Marauder  
  133  8:48  SCV  
  133  8:54  Marine x3  
  133  8:55  Supply Depot, SCV  
  137  9:00  Widow Mine x2  
  137  9:05  Liberator, Marine  
  137  9:09  Liberator, Marine  
  141  9:10  Marauder x2  
  141  9:12  Marine  
  141  9:13  Ghost Academy  
  142  9:17  Supply Depot  
  145  9:28  Supply Depot  
  148  9:33  Command Center  
  148  9:37  Marine x3  
  155  9:43  SCV x2  
  157  9:48  SCV  
  154  9:56  SCV x2, Ghost x3  
  154  10:00  SCV  
  154  10:01  Supply Depot  
  154  10:06  Marine  
  155  10:08  SCV x2  
  155  10:12  SCV  
  158  10:14  Supply Depot, Medivac  
  158  10:15  Sensor Tower  
  158  10:20  SCV x2  
  158  10:22  Starport  
  158  10:26  Marauder  
  160  10:28  Marine x2  
  160  10:29  Marine, Marauder x2  
  160  10:30  Medivac  
  169  10:41  Marine  
  169  10:42  Barracks  
  170  10:43  Barracks  
  170  10:47  Marauder  
  171  10:50  Marauder x2  
  171  10:51  Liberator  
  171  10:52  Liberator x2  
  175  11:01  Marine x4  
  179  11:08  Marauder  
  190  11:11  Marauder  
  190  11:14  Marine  
  193  11:19  Marine x3  
  196  11:30  Marine x2  
  196  11:31  Marauder  
  196  11:32  Marauder  
  192  11:33  Barracks Tech Lab  
Show
View Real Time Build Order
Export as new Build Order

Stats Protoss 

Build Orders: 1 Gate Expand, Oracle Opening, Phoenix Opening 

Get SALT Encoding   

  12  0:01  Probe (Chrono Boost)  
  13  0:11  Probe (Chrono Boost)  
  14  0:18  Pylon  
  14  0:22  Probe (Chrono Boost)  
  15  0:36  Gateway, Probe (Chrono Boost)  
  16  0:46  Probe (Chrono Boost)  
  16  0:47  Assimilator  
  18  0:57  Probe (Chrono Boost)  
  18  1:07  Probe (Chrono Boost)  
  19  1:18  Probe (Chrono Boost)  
  20  1:27  Nexus  
  20  1:34  Cybernetics Core  
  20  1:35  Probe (Chrono Boost)  
  21  1:40  Assimilator  
  21  1:46  Probe (Chrono Boost)  
  22  1:53  Pylon  
  22  1:56  Probe (Chrono Boost)  
  23  2:07  Adept  
  23  2:11  Warp Gate  
  23  2:12  Probe (Chrono Boost)  
  26  2:25  Probe (Chrono Boost)  
  26  2:28  Stargate  
  27  2:34  Adept  
  27  2:35  Probe (Chrono Boost)  
  30  2:39  Probe (Chrono Boost)  
  31  2:46  Probe (Chrono Boost)  
  31  2:50  Probe (Chrono Boost)  
  33  2:56  Probe (Chrono Boost)  
  34  3:00  Probe (Chrono Boost)  
  34  3:03  Adept  
  37  3:07  Oracle, Probe (Chrono Boost)  
  37  3:10  Pylon  
  37  3:11  Probe (Chrono Boost)  
  42  3:15  Gateway  
  43  3:20  Probe (Chrono Boost)  
  43  3:22  Mothership Core (Chrono Boost)  
  45  3:28  Pylon  
  45  3:32  Probe (Chrono Boost)  
  46  3:39  Phoenix  
  46  3:41  Probe (Chrono Boost)  
  47  3:45  Probe (Chrono Boost)  
  50  3:52  Probe (Chrono Boost)  
  52  3:57  Nexus, Probe (Chrono Boost)  
  52  4:01  Pylon  
  52  4:03  Probe (Chrono Boost)  
  52  4:09  Probe (Chrono Boost)  
  54  4:13  Probe (Chrono Boost)  
  54  4:15  Oracle  
  51  4:27  Probe (Chrono Boost)  
  51  4:29  Probe (Chrono Boost)  
  53  4:33  Adept x2  
  53  4:38  Probe (Chrono Boost)  
  58  4:40  Assimilator  
  58  4:41  Probe (Chrono Boost)  
  55  4:48  Probe (Chrono Boost)  
  55  4:53  Adept x2, Probe (Chrono Boost), Phoenix  
  61  5:08  Probe (Chrono Boost)  
  61  5:09  Probe (Chrono Boost)  
  61  5:13  Adept  
  61  5:14  Adept  
  67  5:15  Phoenix  
  67  5:19  Assimilator  
  69  5:35  Probe x2 (Chrono Boost)  
  67  5:36  Probe (Chrono Boost)  
  67  5:37  Phoenix  
  58  5:45  Probe (Chrono Boost)  
  58  5:46  Stalker  
  58  5:47  Adept  
  58  5:48  Probe (Chrono Boost)  
  64  5:52  Probe (Chrono Boost)  
  64  5:56  Twilight Council, Probe (Chrono Boost)  
  66  5:59  Phoenix  
  66  6:01  Probe (Chrono Boost)  
  70  6:04  Probe (Chrono Boost)  
  70  6:07  Probe (Chrono Boost)  
  70  6:09  Forge  
  72  6:13  Probe (Chrono Boost)  
  72  6:14  Probe (Chrono Boost)  
  72  6:16  Pylon  
  73  6:19  Probe (Chrono Boost)  
  73  6:20  Phoenix  
  73  6:25  Probe (Chrono Boost)  
  77  6:31  Protoss Ground Weapons Level 1  
  77  6:33  Resonating Glaives  
  77  6:34  Probe x2 (Chrono Boost)  
  77  6:37  Probe (Chrono Boost)  
  80  6:40  Pylon  
  80  6:44  Phoenix  
  80  6:49  Probe x2 (Chrono Boost)  
  80  6:50  Probe (Chrono Boost)  
  85  7:08  Gateway x2  
  85  7:10  Gateway x2  
  85  7:12  Gateway  
  85  7:13  Gateway  
  85  7:14  Phoenix  
  85  7:15  Robotics Facility  
  83  7:21  Probe (Chrono Boost)  
  86  7:23  Probe (Chrono Boost)  
  86  7:26  Probe (Chrono Boost)  
  87  7:33  Probe (Chrono Boost)  
  87  7:35  Phoenix, Probe (Chrono Boost)  
  90  7:38  Pylon x2, Probe (Chrono Boost)  
  90  7:40  Pylon  
  92  7:50  Pylon  
  92  7:56  Pylon, Adept x2  
  96  8:00  Assimilator  
  96  8:02  Observer  
  96  8:03  Assimilator, Phoenix  
  99  8:10  Protoss Ground Armor Level 1, Adept, Sentry x2  
  99  8:11  Adept x3  
  111  8:14  Probe (Chrono Boost)  
  111  8:15  Probe x2 (Chrono Boost)  
  111  8:17  Photon Cannon  
  114  8:24  Adept x2  
  118  8:30  Warp Prism  
  120  8:44  Pylon  
  120  8:47  Adept  
  120  8:48  Adept x5  
  130  8:50  Pylon x2  
  130  8:54  Pylon  
  126  9:14  Nexus  
  126  9:17  Pylon  
  126  9:18  Blink  
  126  9:27  Immortal  
  126  9:36  Templar Archives  
  124  9:59  Stalker  
  120  10:00  Adept x4, Stalker x3  
  120  10:01  Warp Prism  
  130  10:13  Psionic Storm  
  133  10:15  Probe x3 (Chrono Boost)  
  133  10:23  Stalker x2  
  133  10:24  Stalker x2  
  133  10:25  Adept x3  
  133  10:26  Adept  
  133  10:27  Probe x3 (Chrono Boost)  
  152  10:33  Pylon  
  152  10:38  Pylon  
  152  10:41  Pylon  
  152  10:53  Probe (Chrono Boost)  
  152  10:55  Assimilator x2, Probe x3 (Chrono Boost)  
  148  11:06  High Templar  
  148  11:07  High Templar x5  
  148  11:08  Adept x2  
  164  11:13  Archon  
  164  11:14  Archon  
  64  11:40  Adept x6  
  64  11:41  Adept x2  

Tags
 
Add a new tag
Caveats
  • Supply blocks, unpowered buildings, or Contaminate may cause inaccurate times.
  • Supply counts are checked every 10 seconds.